[ PARTIDA AOE2 · #483025825 ]
UnrankedMagiares vs Italians
Equipo del jugador · VICT
Equipo rival · DERR
[ ANÁLISIS DE REPETICIÓN · EXTRAÍDO DE LA PARTIDA GRABADA ]
Feudal
11:21
Castillos
15:21
Imperial
—
| APM promedio | 37.3 |
| APM pico | 84 |
| eAPM promedio | 18.4 |
| Aldeanos / militares | 68 / 57 |
Foco
⚔️ 34.0% · 🌾 66.0%
Magyar Huszar ×55 · Mangonel ×2
Feudal
9:07
Castillos
17:14
Imperial
—
| APM promedio | 45.9 |
| APM pico | 97 |
| eAPM promedio | 15.6 |
| Aldeanos / militares | 41 / 11 |
Foco
⚔️ 29.1% · 🌾 70.9%
Cavalry Archer ×10 · Knight ×1
Mapa de la partida
Recursos iniciales + cada clic de construcción. Líneas = muros · curvas = relieve. ◆ oro · ⬟ piedra · ● bayas · ✦ reliquia · ◌ hueco del cierre
Tu base· Abierta — el rival se encerró
Base de Trif· ✓ Cerrada en 17:14 · 15t muro · sin puerta
Terreno inicial suavizado · ◌ = hueco del cierre detectado · pasá el cursor para detalles
Inputs por minuto
— doecke998 - - Trif
Build order — doecke998
Primeras 150 de 181 acciones detectadas
| 0:01 | Crear | Villager (Male) |
| 0:01 | Crear | Villager (Male) |
| 0:01 | Crear | Villager (Male) |
| 0:02 | Construir | House |
| 0:03 | Construir | House |
| 0:17 | Crear | Villager (Male) |
| 0:18 | Crear | Villager (Male) |
| 1:38 | Crear | Villager (Male) |
| 1:39 | Crear | Villager (Male) |
| 1:39 | Crear | Villager (Male) |
| 1:39 | Crear | Villager (Male) |
| 1:58 | Crear | Villager (Male) |
| 1:58 | Crear | Villager (Male) |
| 1:58 | Crear | Villager (Male) |
| 1:58 | Crear | Villager (Male) |
| 2:21 | Crear | Villager (Male) |
| 2:21 | Crear | Villager (Male) |
| 2:23 | Construir | Lumber Camp |
| 2:39 | Crear | Villager (Male) |
| 2:40 | Crear | Villager (Male) |
| 2:40 | Crear | Villager (Male) |
| 2:40 | Crear | Villager (Male) |
| 2:54 | Crear | Villager (Male) |
| 2:54 | Crear | Villager (Male) |
| 3:27 | Crear | Villager (Male) |
| 3:27 | Crear | Villager (Male) |
| 3:27 | Crear | Villager (Male) |
| 3:48 | Crear | Villager (Male) |
| 3:48 | Crear | Villager (Male) |
| 3:48 | Crear | Villager (Male) |
| 3:55 | Construir | House |
| 3:58 | Construir | House |
| 3:59 | Construir | House |
| 4:15 | Crear | Villager (Male) |
| 4:15 | Crear | Villager (Male) |
| 4:16 | Crear | Villager (Male) |
| 4:35 | Crear | Villager (Male) |
| 4:36 | Crear | Villager (Male) |
| 4:36 | Crear | Villager (Male) |
| 4:36 | Crear | Villager (Male) |
| 4:41 | Construir | Mill |
| 4:56 | Construir | Palisade Wall |
| 5:07 | Crear | Villager (Male) |
| 5:07 | Crear | Villager (Male) |
| 5:37 | Crear | Villager (Male) |
| 5:37 | Crear | Villager (Male) |
| 5:37 | Crear | Villager (Male) |
| 5:37 | Crear | Villager (Male) |
| 5:55 | Crear | Villager (Male) |
| 5:56 | Crear | Villager (Male) |
| 5:56 | Crear | Villager (Male) |
| 5:59 | Construir | Palisade Wall |
| 6:00 | Construir | Palisade Wall |
| 6:04 | Construir | Palisade Wall |
| 6:10 | Construir | Palisade Wall |
| 6:20 | Construir | Mill |
| 6:22 | Crear | Villager (Male) |
| 6:22 | Crear | Villager (Male) |
| 6:22 | Crear | Villager (Male) |
| 7:22 | Construir | Mining Camp |
| 7:45 | Crear | Villager (Male) |
| 7:47 | Crear | Villager (Male) |
| 8:13 | Construir | Palisade Wall |
| 8:16 | Construir | Palisade Wall |
| 8:27 | Investigar | Loom |
| 8:54 | Investigar | Feudal Age |
| 9:03 | Construir | Palisade Wall |
| 9:04 | Construir | Palisade Wall |
| 9:05 | Construir | Palisade Wall |
| 9:05 | Construir | Palisade Wall |
| 9:20 | Crear | Villager (Male) |
| 9:20 | Crear | Villager (Male) |
| 9:33 | Construir | Palisade Wall |
| 11:21 | Edad | Edad Feudal |
| 11:26 | Construir | Market |
| 11:31 | Construir | Blacksmith |
| 11:43 | Construir | Palisade Wall |
| 11:47 | Construir | Palisade Wall |
| 11:49 | Construir | Palisade Wall |
| 12:41 | Investigar | Castle Age |
| 13:13 | Construir | Farm |
| 13:19 | Construir | Farm |
| 13:31 | Construir | Farm |
| 13:47 | Investigar | Double-Bit Axe |
| 13:47 | Investigar | Double-Bit Axe |
| 13:47 | Investigar | Double-Bit Axe |
| 13:47 | Investigar | Double-Bit Axe |
| 14:09 | Construir | Farm |
| 14:14 | Construir | Farm |
| 14:39 | Construir | Mining Camp |
| 14:53 | Construir | Farm |
| 15:04 | Crear | Villager (Male) |
| 15:07 | Crear | Villager (Male) |
| 15:21 | Edad | Edad de los Castillos |
| 15:30 | Construir | Castle |
| 15:38 | Construir | Farm |
| 15:50 | Construir | Farm |
| 15:52 | Crear | Villager (Male) |
| 16:20 | Crear | Villager (Male) |
| 16:23 | Investigar | Scale Barding Armor |
| 16:28 | Crear | Magyar Huszar |
| 16:29 | Crear | Magyar Huszar |
| 16:29 | Crear | Magyar Huszar |
| 16:29 | Crear | Magyar Huszar |
| 16:32 | Crear | Magyar Huszar |
| 16:32 | Crear | Magyar Huszar |
| 16:42 | Construir | Farm |
| 16:44 | Construir | Farm |
| 16:48 | Crear | Villager (Male) |
| 16:51 | Construir | Farm |
| 16:52 | Crear | Magyar Huszar |
| 16:52 | Crear | Magyar Huszar |
| 17:01 | Crear | Magyar Huszar |
| 17:01 | Crear | Magyar Huszar |
| 17:01 | Crear | Magyar Huszar |
| 17:02 | Crear | Magyar Huszar |
| 17:06 | Construir | Farm |
| 17:09 | Crear | Villager (Male) |
| 17:11 | Crear | Magyar Huszar |
| 17:12 | Crear | Magyar Huszar |
| 17:12 | Crear | Magyar Huszar |
| 17:27 | Crear | Magyar Huszar |
| 17:27 | Crear | Magyar Huszar |
| 17:40 | Crear | Villager (Male) |
| 17:40 | Crear | Villager (Male) |
| 17:40 | Crear | Villager (Male) |
| 17:40 | Crear | Villager (Male) |
| 17:41 | Crear | Villager (Male) |
| 17:54 | Crear | Magyar Huszar |
| 17:54 | Crear | Magyar Huszar |
| 17:55 | Crear | Magyar Huszar |
| 17:55 | Crear | Magyar Huszar |
| 18:11 | Crear | Magyar Huszar |
| 18:11 | Crear | Magyar Huszar |
| 18:11 | Crear | Magyar Huszar |
| 18:19 | Crear | Magyar Huszar |
| 18:34 | Crear | Magyar Huszar |
| 18:35 | Crear | Magyar Huszar |
| 18:51 | Crear | Magyar Huszar |
| 18:51 | Crear | Magyar Huszar |
| 18:51 | Crear | Magyar Huszar |
| 18:52 | Crear | Magyar Huszar |
| 18:52 | Crear | Magyar Huszar |
| 18:53 | Crear | Magyar Huszar |
| 18:56 | Crear | Villager (Male) |
| 18:56 | Crear | Villager (Male) |
| 19:06 | Construir | Siege Workshop |
| 19:09 | Crear | Magyar Huszar |
| 19:18 | Crear | Villager (Male) |
| 19:18 | Crear | Villager (Male) |
Build order — Trif
112 acciones detectadas en el replay
| 0:01 | Crear | Villager (Male) |
| 0:02 | Crear | Villager (Male) |
| 0:02 | Crear | Villager (Male) |
| 0:03 | Construir | House |
| 0:04 | Construir | House |
| 0:20 | Crear | Villager (Male) |
| 0:21 | Crear | Villager (Male) |
| 1:39 | Crear | Villager (Male) |
| 1:39 | Crear | Villager (Male) |
| 2:12 | Crear | Villager (Male) |
| 2:12 | Crear | Villager (Male) |
| 2:28 | Crear | Villager (Male) |
| 2:28 | Crear | Villager (Male) |
| 3:00 | Construir | Mill |
| 3:08 | Crear | Villager (Male) |
| 3:08 | Crear | Villager (Male) |
| 3:08 | Crear | Villager (Male) |
| 3:12 | Construir | House |
| 3:56 | Crear | Villager (Male) |
| 3:56 | Crear | Villager (Male) |
| 4:12 | Crear | Villager (Male) |
| 4:12 | Crear | Villager (Male) |
| 4:12 | Crear | Villager (Male) |
| 4:37 | Crear | Villager (Male) |
| 4:37 | Crear | Villager (Male) |
| 5:42 | Crear | Villager (Male) |
| 5:44 | Crear | Villager (Male) |
| 5:58 | Construir | Lumber Camp |
| 6:22 | Investigar | Loom |
| 6:44 | Investigar | Feudal Age |
| 8:04 | Construir | Barracks |
| 8:12 | Crear | Villager (Male) |
| 8:12 | Crear | Villager (Male) |
| 9:03 | Construir | Palisade Wall |
| 9:07 | Edad | Edad Feudal |
| 9:17 | Crear | Villager (Male) |
| 9:24 | Construir | Market |
| 9:32 | Construir | Mill |
| 9:42 | Investigar | Town Watch |
| 9:44 | Construir | House |
| 10:07 | Construir | House |
| 10:12 | Construir | Palisade Wall |
| 10:18 | Crear | Villager (Male) |
| 10:18 | Crear | Villager (Male) |
| 10:18 | Crear | Villager (Male) |
| 10:18 | Crear | Villager (Male) |
| 10:31 | Investigar | Double-Bit Axe |
| 10:31 | Investigar | Double-Bit Axe |
| 10:36 | Construir | Palisade Wall |
| 10:41 | Construir | House |
| 10:48 | Crear | Villager (Male) |
| 10:56 | Construir | Mining Camp |
| 11:54 | Crear | Villager (Male) |
| 12:11 | Crear | Villager (Male) |
| 12:23 | Crear | Villager (Male) |
| 12:27 | Construir | Farm |
| 12:30 | Construir | Farm |
| 12:32 | Construir | Farm |
| 12:38 | Construir | Farm |
| 13:05 | Construir | House |
| 13:14 | Construir | House |
| 13:16 | Construir | Palisade Wall |
| 13:16 | Construir | Palisade Wall |
| 13:36 | Construir | Farm |
| 13:53 | Construir | Blacksmith |
| 13:56 | Crear | Villager (Male) |
| 13:57 | Crear | Villager (Male) |
| 14:11 | Construir | Palisade Wall |
| 14:11 | Construir | Palisade Wall |
| 14:32 | Investigar | Castle Age |
| 15:42 | Construir | Archery Range |
| 15:46 | Investigar | Gold Mining |
| 15:46 | Investigar | Gold Mining |
| 15:56 | Investigar | Fletching |
| 15:56 | Investigar | Fletching |
| 16:24 | Construir | Stable |
| 16:31 | Investigar | Horse Collar |
| 17:14 | Edad | Edad de los Castillos |
| 17:17 | Construir | Farm |
| 17:18 | Crear | Cavalry Archer |
| 17:20 | Crear | Knight |
| 17:21 | Investigar | Wheelbarrow |
| 17:30 | Construir | House |
| 17:33 | Crear | Villager (Male) |
| 17:39 | Crear | Cavalry Archer |
| 17:57 | Investigar | Bodkin Arrow |
| 17:57 | Investigar | Bodkin Arrow |
| 18:10 | Construir | House |
| 18:18 | Crear | Cavalry Archer |
| 18:23 | Construir | House |
| 18:27 | Construir | Lumber Camp |
| 18:41 | Crear | Villager (Male) |
| 18:54 | Crear | Cavalry Archer |
| 19:07 | Construir | Farm |
| 19:13 | Crear | Cavalry Archer |
| 19:25 | Crear | Villager (Male) |
| 19:31 | Crear | Cavalry Archer |
| 19:52 | Investigar | Husbandry |
| 19:52 | Investigar | Husbandry |
| 20:06 | Construir | Archery Range |
| 20:21 | Construir | House |
| 20:28 | Construir | Palisade Wall |
| 20:30 | Construir | House |
| 20:32 | Construir | House |
| 20:48 | Crear | Cavalry Archer |
| 20:48 | Crear | Cavalry Archer |
| 21:06 | Crear | Cavalry Archer |
| 21:37 | Construir | Lumber Camp |
| 21:45 | Construir | Stable |
| 21:49 | Crear | Villager (Male) |
| 21:49 | Crear | Villager (Male) |
| 21:53 | Crear | Cavalry Archer |
Cronología de la partida
| 4:56 | doecke998 · wall_segment Palisade Wall x7 |
| 5:59 | doecke998 · wall_segment Palisade Wall x1 |
| 6:00 | doecke998 · wall_segment Palisade Wall x1 |
| 6:04 | doecke998 · wall_segment Palisade Wall x1 |
| 6:10 | doecke998 · wall_segment Palisade Wall x1 |
| 8:04 | Trif · first_building Barracks |
| 8:13 | doecke998 · wall_segment Palisade Wall x1 |
| 8:16 | doecke998 · wall_segment Palisade Wall x1 |
| 9:03 | doecke998 · wall_segment Palisade Wall x1 |
| 9:03 | Trif · wall_segment Palisade Wall x1 |
| 9:04 | doecke998 · wall_segment Palisade Wall x1 |
| 9:05 | doecke998 · wall_segment Palisade Wall x1 |
| 9:05 | doecke998 · wall_segment Palisade Wall x1 |
| 9:07 | Trif · age_up feudal |
| 9:33 | doecke998 · wall_segment Palisade Wall x1 |
| 10:12 | Trif · wall_segment Palisade Wall x1 |
| 10:36 | Trif · wall_segment Palisade Wall x5 |
| 11:06 | Trif · first_market_sell 100 stone |
| 11:21 | doecke998 · age_up feudal |
| 11:43 | doecke998 · wall_segment Palisade Wall x1 |
| 11:47 | doecke998 · wall_segment Palisade Wall x1 |
| 11:49 | doecke998 · wall_segment Palisade Wall x1 |
| 12:22 | Trif · first_market_buy 100 food |
| 12:39 | doecke998 · first_market_sell 100 wood |
| 13:16 | Trif · wall_segment Palisade Wall x3 |
| 13:16 | Trif · wall_segment Palisade Wall x1 |
| 14:11 | Trif · wall_segment Palisade Wall x5 |
| 14:11 | Trif · wall_segment Palisade Wall x1 |
| 15:21 | doecke998 · age_up castle |
| 15:30 | doecke998 · first_building Castle |
| 15:42 | Trif · first_building Archery Range |
| 16:24 | Trif · first_building Stable |
| 17:14 | Trif · age_up castle |
| 19:06 | doecke998 · first_building Siege Workshop |
| 20:28 | Trif · wall_segment Palisade Wall x1 |
| 22:04 | Trif · resign |
[ ANÁLISIS IA · 1 CRÉDITO ]
¿Qué pasó realmente en esta partida?
Wolo.gg analiza cada decisión: build order, eco, micro, errores típicos por bracket. Análisis personalizado por WhatsApp o Discord en 30 segundos.
Guía civ
Magiares
Perfil
doecke998